← All builds
Beach sea / Cortex / Economy first / OBSERVED BUILD

Standard beach sea

Cortex Beach sea build order · Supreme Isthmus

The role's usual play: com goes to sea to build a shipyard around 2 minutes, pumping frigates and destroyers to contest enemy sea entry or hold vision, with an advanced metal extractor around 10 minutes as the transition into the team's…

Usually shipyard first (93%)

#naval #eco · 1589 distinct matches · 207 players · 84% of Cortex Beach sea games · team won 55% of 1793 · Recently observed

HOW TO PLAY IT

Key timing: Shipyard by 1:56

  1. Open 3 mex, then send com to sea to build Shipyard by 1:56.
  2. Add tidal generators, wind and more mex to fund the shipyard.
  3. Pump Riptide first, then Oppressor to contest enemy sea entry.
  4. Get T2 constructor out to start scaling the naval economy.
  5. Transition into Advanced Metal Extractor as the economy phase begins.

Phase by phase

TYPICAL OF ITS 1589 GAMES
  1. 1
  2. 2
  3. 3
PLAY THE OPENING

Follow the example game's first 6:00 step by step: what to build now, what comes next, and where it goes. At 1× it keeps pace with your own game.

  1. 1

    Up to the Shipyard

    Economy
    • Metal Extractor3Mex
    • Wind Turbine3Windfor allies
    • Wind Turbine2Wind
    • Energy Storage1Energy storage
    Order
    1. ShipyardShipyard after 3 mex, 2 wind, 1 energy storagedone ~1:56, middle half 1:43–2:07

    Some games also: Guard (30%)

    By 1:39 in all: 3 mex · 2 wind · 1 energy storage

    The example game in this phase · 5 steps
    1. Mex ×3
    2. Wind ×3for Air
    3. Energy storage
    4. Wind ×2
    5. ShipyardShipyarddone 2:02 · typical 1:56
  2. 2

    Shipyard to 5:00

    Economy
    • Metal Extractor5Mex
    • Tidal Generator2Tidal
    Builders
    • Construction Ship2 Con ship
    Army
    • Riptide2 Frigate
    • Herring1 Missile corvette
    • Oppressor1 Destroyer
    Other
    • Naval Radar / Sonar Tower1 Naval Radar / Sonar Tower

    Some games also: Urchin (46%) · mex (38%) · wind (37%) · submarine (36%) · wind (36%)

    By 5:00 in all: 8 mex · 3 wind · 2 tidal · 1 energy storage

    The example game in this phase · 13 steps
    1. HerringMissile corvette ×2
    2. Construction ShipCon ship ×2
    3. RiptideFrigatedone 3:06 · typical 3:50
    4. Mex
    5. RiptideFrigate
    6. Mex
    7. Mex
    8. UrchinUrchin
    9. RiptideFrigate
    10. Mex
    11. Con turret
    12. RiptideFrigate
    13. Naval Energy Storage
  3. 3

    5:00 to 10:00

    Economy
    • Metal Extractor1Mex
    • Wind Turbine8Wind
    Builders
    • Construction Ship1 Con ship
    • Death Cavalry1 Death Cavalry
    Army
    • Urchin1 Urchin
    • Riptide5 Frigate
    • Oppressor2 Destroyer
    • Herring2 Missile corvette
    Other
    • Naval Radar / Sonar Tower1 Naval Radar / Sonar Tower

    Some games also: Naval Construction Turret (49%) · Guard (47%) · tidal (39%) · Radar Tower (39%) · wind (34%)

    By 10:00 in all: 9 mex · 10 wind · 4 wind · 4 tidal · 1 energy storage · 1 Naval Construction Turret

    The example game in this phase · 70 steps
    1. OppressorDestroyerdone 6:20 · typical 5:15
    2. Mex
    3. Naval Construction Turret
    4. Wind
    5. Mex
    6. Wind
    7. Radar TowerRadar Tower
    8. Wind
    9. GuardGuard
    10. Wind
    11. GuardGuard
    12. Wind
    13. GuardGuard
    14. Wind ×2
    15. GuardGuard
    16. Death CavalryDeath Cavalry
    17. Wind ×3
    18. OrcaSubmarinedone 7:15
    19. Naval Radar / Sonar TowerNaval Radar / Sonar Tower
    20. Wind ×2
    21. Mex
    22. HerringMissile corvette ×2
    23. Construction ShipCon ship
    24. UrchinUrchin
    25. Construction ShipCon ship
    26. Naval Construction Turret
    27. RiptideFrigate ×3
    28. OppressorDestroyer
    29. Advanced Metal ExtractorT2 mexdone 9:56 · typical 9:58
    30. BeholderBeholder
    31. Death CavalryDeath Cavalry
    32. BeholderBeholder
    33. OrcaSubmarine
    34. HerringMissile corvette
    35. OppressorDestroyer
    36. GuardGuard
    37. Advanced Metal ExtractorT2 mex
    38. RiptideFrigate
    39. Construction ShipCon ship
    40. Advanced ShipyardAdvanced Shipyarddone 11:08
    41. Naval Construction Turret ×2
    42. BeholderBeholder
    43. Death CavalryDeath Cavalry
    44. Advanced Metal ExtractorT2 mex
    45. Death CavalryDeath Cavalry
    46. Tidal ×2
    47. OasisOasis
    48. Death CavalryDeath Cavalry
    49. Tidal
    50. Mex
    51. Naval Energy Storage
    52. Mex
    53. Advanced Construction SubAdvanced Construction Sub
    54. PathfinderPathfinder ×4
    55. Advanced Metal ExtractorT2 mex
    56. PathfinderPathfinder ×2
    57. Naval Advanced Metal ExtractorNaval Advanced Metal Extractordone 13:28
    58. PathfinderPathfinder ×4
    59. PhantasmRadar jammer ship
    60. DespotBattleshipdone 14:03
    61. Naval Advanced Metal ExtractorNaval Advanced Metal Extractor
    62. Arrow StormAnti-air shipdone 14:24
    63. Naval Advanced Metal ExtractorNaval Advanced Metal Extractor
    64. Con turret
    65. BuccaneerCruiserdone 14:44
    66. Radar TowerRadar Tower
    67. Con turret
    68. BuccaneerCruiser
    69. JellyfishJellyfish
    70. Advanced Metal ExtractorT2 mex

Counts are medians over the build's games: half of them build more, half fewer. The example game is RiskyDonut's (33 OS, 12/10/2026); pick another.

Team trades

IN AT LEAST 30% OF ITS GAMES

You hand over

  • Wind Turbine3 Wind to Airfirst at 1:46 · in 77% of games

You get

  • Finch1 Finch from Airfirst at 2:00 · in 80% of games
  • Lazarus1 Lazarus from Geofirst at 2:13 · in 63% of games
  • Hephaestus1 Heavy transport from Airfirst at 2:16 · in 64% of games
  • Construction Bot1 Con bot from Geofirst at 2:26 · in 70% of games
  • Hercules1 Light transport from Airfirst at 2:34 · in 32% of games
  • Advanced Construction Bot1 T2 con bot from Techfirst at 8:08 · in 89% of games

How it plays out

Typical game of this build, running totals by minute

Metal produced

010k20k30k
0:005:0010:0015:00

metal

Enemy metal destroyed

05k10k
0:005:0010:0015:00

metal

Own metal lost

02.5k5k7.5k
0:005:0010:0015:00

metal

1793 games.

Show as table
ByMetal produced: This buildEnemy metal destroyed: This buildOwn metal lost: This build
1:0040300
2:0093700
3:00155300
4:002540051
5:003716176101
6:005045487280
7:006492972592
8:00807016651001
9:00967926141532
10:001153637242325
11:001368547443105
12:001625058553875
13:001895168784645
14:002167379245691
15:002456588566520
WHAT THE NUMBERS SAY

Standard Beach sea play has the lowest team win rate of these builds and destroys far less enemy metal early than it loses eco time.

  • + Metal produced climbs to 24945 by 15:00, the highest of all six roles.
  • + Riptide and Oppressor together make 63% of army, a focused naval composition.
  • − Enemy metal destroyed is only 200 by 5:00, barely contesting early sea.
  • − T2 factory only reached in 35% of games, behind other roles' T2 timing.
THE EXAMPLE YOU ARE READING

RiskyDonut

32.9 OS · 12/10/2026

Open source match ↗

6 received units · includes a constructor
1656 metal received · 132306 energy received

Allied construction assistance is unknown. Timings are observations, not a promise of solo reproducibility.

Typical milestones

Shipyard1:56Middle 50%: 1:43–2:07 · n=1790
Riptide3:50Middle 50%: 3:12–4:34 · n=1747
Oppressor5:15Middle 50%: 4:29–6:06 · n=1726
Advanced Metal Extractor9:58Middle 50%: 9:17–10:54 · n=1517

Played most by

EpicTyrannus120games of this buildDamsko69games of this buildKbot_my_Ahole67games of this buildWaboum64games of this buildPRO_HYDRA63games of this build